 Dungeon Crawl Stone Soup version 0.21.1-1-g345015f (webtiles) character file.

28 inc the Quickloader (level 3, -1/31 HPs)
             Began as a Gnoll Hunter on June 9, 2018.
             Slain by a leopard gecko (3 damage)
             ... on level 2 of the Dungeon.
             The game lasted 00:01:46 (736 turns).

inc the Quickloader (Gnoll Hunter)                   Turns: 736, Time: 00:01:48

Health: -1/31      AC:  4    Str: 14    XL:     3   Next: 14%
Magic:  3/3        EV: 14    Int: 14    God:
Gold:   93         SH:  0    Dex: 15    Spells: 3/3 levels left

rFire    . . .     SeeInvis .   b - +0 whip
rCold    . . .     Gourm    .   (no shield)
rNeg     . . .     Faith    .   c - +0 leather armour
rPois    .         Spirit   .   n - +0 helmet
rElec    .         Reflect  .   (no cloak)
rCorr    .         Harm     .   (no gloves)
MR       .....                  (no boots)
Stlth    ++........             (no amulet)
HPRegen  0.10/turn              (no ring)
MPRegen  0.08/turn              (no ring)

@: lethally poisoned (-1 -> -3)
A: distributed training, fangs 1, strong nose
a: no special abilities


You were on level 2 of the Dungeon.
You were not hungry.

You visited 1 branch of the dungeon, and saw 2 of its levels.

You collected 93 gold pieces.

Inventory:

Hand Weapons
 a - a +1 hand crossbow
 b - a +0 whip (weapon)
 q - a +0 short sword
Missiles
 d - 11 bolts
Armour
 c - a +0 leather armour (worn)
 n - a +0 helmet (worn)
Scrolls
 e - a scroll of teleportation {unknown}
 g - 2 scrolls of remove curse {unknown}
 j - a scroll of enchant armour {unknown}
 k - 4 scrolls of identify {unknown}
 l - a scroll of magic mapping {unknown}
 o - a scroll of blinking {unknown}
Potions
 h - 2 potions of degeneration {unknown}
 i - 4 potions of agility {unknown}
 m - a potion of might {unknown}
 p - a potion of curing {unknown}
Comestibles
 f - 4 rations


   Skills:
 + Level 4.5 Fighting
 + Level 0.6 Short Blades
 + Level 0.6 Long Blades
 + Level 0.6 Axes
 + Level 0.6 Maces & Flails
 + Level 0.6 Polearms
 + Level 0.6 Staves
 + Level 0.6 Slings
 + Level 0.6 Bows
 + Level 8.5 Crossbows
 + Level 0.6 Throwing
 + Level 0.6 Armour
 + Level 4.5 Dodging
 + Level 2.3 Stealth
 + Level 0.6 Shields
 + Level 0.6 Unarmed Combat
 + Level 0.6 Spellcasting
 + Level 0.4 Conjurations
 + Level 0.4 Hexes
 + Level 0.4 Charms
 + Level 0.4 Summonings
 + Level 0.4 Necromancy
 + Level 0.4 Translocations
 + Level 0.4 Transmutations
 + Level 0.4 Fire Magic
 + Level 0.4 Ice Magic
 + Level 0.4 Air Magic
 + Level 0.4 Earth Magic
 + Level 0.4 Poison Magic
 + Level 0.8 Invocations
 + Level 0.6 Evocations


You had 3 spell levels left.
You didn't know any spells.

Dungeon Overview and Level Annotations

Branches:
Dungeon (2/15)

Altars:


Innate Abilities, Weirdness & Mutations

Your experience applies equally to all skills.
You have very sharp teeth.
Your uncanny sense of smell can sniff out nearby items.


Message History

A scorpion comes into view.
You barely miss the leopard gecko.
The leopard gecko is heavily wounded.
The adder bites you.
You are poisoned.
The adder poisons you! The leopard gecko barely misses you.
The adder bites you but does no damage.
You barely miss the leopard gecko.
You bite the leopard gecko, but do no damage.
The leopard gecko is heavily wounded.
You feel sick. The leopard gecko barely misses you.
The adder bites you but does no damage. The kobold misses you.
You barely miss the leopard gecko. You bite the leopard gecko.
The leopard gecko is almost dead.
The leopard gecko barely misses you. The adder bites you.
The kobold hits you but does no damage.
You are electrocuted!
Ouch! That really hurt!
* * * LOW HITPOINT WARNING * * *
The leopard gecko bites you.
You die...

.......##.....#
##...............
#................
#................
####................
##......%.....>......
##....................
#..............K......
#.............@S......
#............##lS.....
#..........### ...####
#).....>...# ...#
##.......... ?..s.
#<.........# ......
#.......... #...###
#......... .#..
#.........


You could see a scorpion, an adder, a leopard gecko, a ball python and a kobold.

Vanquished Creatures
  2 dart slugs (D:1)
  A leopard gecko (D:2)
  A ball python (D:1)
  4 bats (D:1)
  2 giant cockroaches (D:1)
  4 goblins
  3 hobgoblins (D:1)
  A frilled lizard (D:1)
  A kobold (D:1)
  2 rats (D:1)
21 creatures vanquished.

Notes
Turn   | Place    | Note
-------+----------+-------------------------------------------
     0 | D:1      | inc the Gnoll Hunter began the quest for the Orb.
     0 | D:1      | Reached XP level 1. HP: 20/20 MP: 1/1
   188 | D:1      | Reached XP level 2. HP: 26/26 MP: 2/2
   403 | D:1      | Reached XP level 3. HP: 31/31 MP: 3/3
   734 | D:2      | Noticed a scorpion
   736 | D:2      | Slain by a leopard gecko

Action                   || total
-------------------------++-------
Melee: Whip              ||    16
       Bite              ||     2
 Fire: Hand crossbow     ||    31
Armor: Leather armour    ||     5
Dodge: Dodged            ||    22
